 Dungeon Crawl Stone Soup version 0.16.2-12-gd0ad4c3 (webtiles) character file.

784757 faibistes the Archmage (level 27, -7/164 (168) HPs)
             Began as a Deep Elf Wizard on Jan 8, 2018.
             Was the Champion of Sif Muna.
             Mangled by an emperor scorpion (9 damage)
             ... summoned by a greater mummy
             ... on level 1 of the Tomb of the Ancients on Jan 12, 2018.
             The game lasted 10:51:07 (154497 turns).

faibistes the Archmage (Deep Elf Wizard)          Turns: 154497, Time: 10:51:08

HP:   -7/164 (168)  AC: 16    Str: -4 (7) XL:     27
MP:   6/54          EV: 21    Int: 40    God:    Sif Muna [******]
Gold: 3938          SH:  0    Dex: 21    Spells: 12 memorised, 0 levels left

rFire  . . .     SeeInvis .     w - staff of conjuration (curse)
rCold  + + .     Clarity  .     r - +2 robe {Archmagi} (curse)
rNeg   . . .     SustAb   .     (no shield)
rPois  .         Gourm    .     b - +2 helmet {Int+3} (curse)
rElec  +         Spirit   .     o - +2 cloak {MR+} (curse)
rCorr  .         Warding  .     y - +2 pair of gloves (curse)
rMut   +         Stasis   .     U - +2 pair of boots of Elyvilon's Envy {Dex+2} (curse)
MR     +++..                    R - amulet "Qossahak" {rMut rElec rC++ Dex+6} (curse)
Stlth  ++........               Y - ring of Harmony {MP+9 Str+3} (curse)
                                x - ring of wizardry (curse)

@: lost strength, deflect missiles, very slow, extremely resistant to hostile
enchantments, unstealthy
A: no striking features
a: Channel Energy, Forget Spell, Renounce Religion
}: 4/15 runes: decaying, serpentine, slimy, silver


You were on level 1 of the Tomb of the Ancients.
You worshipped Sif Muna.
Sif Muna was exalted by your worship.
You were full.

You visited 14 branches of the dungeon, and saw 66 of its levels.

You collected 9755 gold pieces.
You spent 5817 gold pieces at shops.

Inventory:

Armour
 b - a cursed +2 helmet of intelligence (worn)
 o - a cursed +2 cloak of magic resistance (worn)
 r - a cursed +2 robe of the Archmagi (worn)
 y - a cursed +2 pair of gloves (worn)
 U - the cursed +2 pair of boots of Elyvilon's Envy (worn) {Dex+2}
   (You bought it in a shop on level 2 of the Depths)

   It affects your dexterity (+2).
   It has a curse placed upon it.
Magical staves
 w - a cursed staff of conjuration (weapon)
 P - a cursed staff of wizardry
Rods
 g - a cursed +0 rod of clouds (13/13)
   (You found it on level 6 of the Pits of Slime)
Jewellery
 x - a cursed ring of wizardry (left hand)
 C - a cursed amulet of resist corrosion
 L - a cursed amulet of the gourmand
 N - the cursed ring of Shadows {Umbra +Inv rN+ SInv}
   (You found it on level 5 of the Vaults)

   [ring of invisibility]

   It protects you from negative energy.
   It enhances your eyesight.
   It lets you turn invisible.
   It has a curse placed upon it.
 R - the cursed amulet "Qossahak" (around neck) {rMut rElec rC++ Dex+6}
   (You bought it in a shop on level 2 of the Elven Halls)

   [amulet of resist mutation]

   It protects you from mutation.
   It affects your dexterity (+6).
   It greatly protects you from cold.
   It insulates you from electricity.
   It has a curse placed upon it.
 Y - the cursed ring of Harmony (right hand) {MP+9 Str+3}
   (You found it on level 2 of the Crypt)

   [ring of magical power]

   It affects your strength (+3).
   It affects your magic capacity (+9).
   It has a curse placed upon it.
Magical devices
 c - a wand of hasting (1)
 n - a wand of digging (10)
 p - a wand of cold (6)
 t - a wand of digging (11)
 E - a wand of lightning (3)
 G - a wand of enslavement (18)
 Q - a wand of fireball (5)
 X - a wand of fire (2)
Scrolls
 h - 17 scrolls of remove curse
 i - 21 scrolls of teleportation
 k - 13 scrolls of identify
 s - 15 scrolls of magic mapping
 v - 3 scrolls of blinking
 B - 2 scrolls of immolation
 D - 3 scrolls of holy word
 F - 10 scrolls of fog
 K - 11 scrolls of fear
 S - 2 scrolls of amnesia
 W - 8 scrolls of recharging
 Z - 4 scrolls of summoning
Potions
 e - 6 potions of ambrosia
 f - 4 potions of cancellation
 l - 5 potions of cure mutation
 m - 9 potions of heal wounds
 q - 10 potions of haste
 u - 13 potions of curing
 z - 10 potions of restore abilities
 A - 7 potions of flight
 H - a potion of magic
 I - 4 potions of invisibility
 J - 16 potions of brilliance
 M - a potion of resistance
Books
 T - Sif Muna's Tome of Twisted Blows and Bruises
   (Sif Muna gifted it to you on level 1 of the Tomb of the Ancients)

   Spells                             Type                      Level
   a - Flame Tongue                   Conjuration/Fire             1
   b - Regeneration                   Charms/Necromancy            3
   c - Bolt of Draining               Conjuration/Necromancy       5
   d - Cigotuvi's Embrace             Necromancy                   5
   e - Poison Arrow                   Conjuration/Poison           6
Miscellaneous
 a - a phial of floods
Comestibles
 d - 12 bread rations
 j - 23 meat rations
 O - 2 beef jerkies


   Skills:
 + Level 16.0 Fighting
 - Level 10.0 Dodging
 - Level 2.4 Stealth
 O Level 27 Spellcasting
 + Level 22.7 Conjurations
   Level 4.0 Hexes
 - Level 11.0 Charms
   Level 4.0 Summonings
 * Level 17.7 Necromancy
 - Level 10.9 Translocations
 - Level 3.0 Transmutations
 + Level 22.8 Fire Magic
 * Level 14.6 Ice Magic
 - Level 3.6 Air Magic
 + Level 23.1 Earth Magic
   Level 5.3 Poison Magic
 + Level 18.2 Invocations
 - Level 10.5 Evocations


You couldn't memorise any spells.
You knew the following spells:

 Your Spells              Type           Power        Failure   Level  Hunger
a - Lehudib's Crystal Sp  Conj/Erth      #########.   1%          8    None
b - Ring of Flames        Chrm/Fire      ########..   1%          7    None
c - Animate Skeleton      Necr           N/A          0%          1    None
d - Controlled Blink      Tloc           N/A          1%          7    None
e - Fire Storm            Conj/Fire      #########.   1%          9    None
f - Deflect Missiles      Chrm/Air       ########..   1%          6    None
h - Haste                 Chrm           ########     1%          6    None
m - Shatter               Erth           #########.   1%          9    None
n - Necromutation         Trmt/Necr      ########..   12%         8    None
v - Bolt of Fire          Conj/Fire      #########.   0%          6    None
x - Force Lance           Conj/Tloc      ########     0%          4    None
z - Glaciate              Conj/Ice       #########.   6%          9    None


Dungeon Overview and Level Annotations

Branches:
Dungeon (15/15)            Temple (1/1) D:6            Lair (8/8) D:9
  Swamp (5/5) Lair:4        Snake (5/5) Lair:4        Slime (6/6) Lair:8
    Orc (4/4) D:12            Elf (3/3) Orc:3        Vaults (5/5) D:13
  Crypt (3/3) Vaults:3       Tomb (2/3) Crypt:3      Depths (5/5) D:15
   Hell (1/1)                 Dis (0/7) Hell            Geh (0/7) Hell
    Coc (0/7) Hell            Tar (0/7) Hell            Zot (3/5) Depths:5

Altars:
Ashenzari
Cheibriados
Dithmenos
Elyvilon
Fedhas
Gozag
Kikubaaqudgha
Makhleb
Nemelex Xobeh
Okawaru
Qazlal
Ru
Sif Muna
Trog
Vehumet
Xom
Yredelemnul
Zin
The Shining One
Beogh
Jiyva
Lugonu

Shops:
D:5 }   D:6 (*}?   Orc:4 ([:*   Elf:1 }   Elf:2 =   Snake:1 :?   Snake:2 =
Vaults:2 [   Vaults:3 ?   Depths:2 *

Portals:
Hell: Depths:1 Depths:2 Depths:3 Depths:4 Depths:5*
Abyss: Depths:4
Pandemonium: Depths:1 Depths:3
Ziggurat: Depths:2

Annotations:
D:8 Duvessa


Message History

As you read the scroll of blinking, it crumbles to dust.
The greater mummy mumbles some strange words.
The emperor scorpion closely misses you. x2
The emperor scorpion claws you but does no damage.
The emperor scorpion misses you.
The emperor scorpion closely misses you.
The emperor scorpion claws you.
* * * LOW HITPOINT WARNING * * *
The emperor scorpion stings you.
* * * LOW HITPOINT WARNING * * *
The emperor scorpion claws you but does no damage. x2
The flying skull gives a hideous shriek!
A guardian mummy comes into view.
Use which ability? (? or * to list)
You feel yourself come back to life.
The emperor scorpion completely misses you.
The emperor scorpion claws you!
* * * LOW HITPOINT WARNING * * *
The emperor scorpion barely misses you. The emperor scorpion stings you!
You die...

#..........##....§§............
#..........##..################
#..[.......##(.#......§........
#..........##..#..#######......
#..........##..#..##...##......
#..........##..#..#...§§#......
#.....(....##..#..'..#§>#......
#..........##.s#..#...§§#......
#..........##.@#..##...##....##
#..........##ss#..#######....##
#..........##.M#.............#.
#..........##..#.............#.
#..........##s.#.............#.
#..........##.z#..#######....##
#..........##..#..##...##....##
#..........##..#..#.....#......
#..........##.M#.....#..#......


You could see a greater mummy, 4 emperor scorpions, a guardian mummy and a
flying skull.

Vanquished Creatures
  the royal jelly (Slime:6)
  2 orbs of fire (Zot:1)
  6 ancient liches
  29 greater mummies
  Boris (Tomb:1)
  3 caustic shrikes
  Margery (Crypt:2)
  Saint Roka (Depths:1)
  A curse toe (Zot:2)
  Geryon (Hell)
  8 golden dragons
  Jory (Tomb:1)
  Frederick (Vaults:4)
  3 bone dragons
  An electric golem (Zot:1)
  Nikola (Elf:1)
  Vashnia (Snake:4)
  11 titans
  16 tentacled monstrosities
  11 liches
  2 deep elf master archers (Elf:3)
  3 deep elf blademasters
  2 quicksilver dragons
  Murray (Hell)
  15 acid blobs
  10 sphinxes
  2 octopode crushers
  Agnes (Elf:2)
  An ancient champion (Crypt:1)
  Kirke (Snake:3)
  9 shadow dragons
  3 thorn hunters (Swamp:3)
  Frances (Elf:1)
  13 draconian monks
  18 storm dragons
  5 revenants
  10 tengu reavers
  17 fire giants
  13 frost giants
  8 greater nagas
  Donald (Swamp:3)
  20 vault wardens
  12 azure jellies
  8 deep elf sorcerers
  2 draconian scorchers (Zot:2)
  Aizul (Snake:1)
  2 iron dragons
  Louise (Snake:1)
  4 draconian zealots (Zot:2)
  5 draconian knights
  3 curse skulls
  20 emperor scorpions
  2 orc warlords
  2 balrugs
  A caustic shrike zombie (Depths:1)
  6 spriggan defenders
  Jorgrun (Vaults:4)
  4 draconian annihilators
  5 ghouls
  22 very ugly things
  25 ironheart preservers
  9 war gargoyles
  2 draconian shifters (Zot:1)
  5 reapers
  3 salamander firebrands (Hell)
  7 green draconians
  A draconian caller (Zot:1)
  3 bennus
  8 grey draconians
  22 stone giants
  6 vampire knights
  11 deep elf annihilators
  5 mottled draconians
  4 black draconians
  3 dire elephants
  11 deep elf demonologists
  Azrael (Snake:1)
  A white draconian (Zot:2)
  3 yellow draconians (Zot:2)
  3 purple draconians (Zot:2)
  8 red draconians
  5 pale draconians
  3 unborn (Tomb:1)
  2 crystal guardians
  3 eidola
  Snorg (Orc:3)
  15 jiangshi
  A merfolk javelineer (Depths:1)
  5 minotaurs
  A merfolk impaler (Depths:1)
  8 deep elf death magi
  8 death oozes
  40 vault guards
  19 ettins
  19 fire dragons
  8 mummy priests
  Josephine (Orc:2)
  25 yaktaur captains
  5 death cobs
  2 deep elf high priests (Elf:3)
  Fannar (Orc:1)
  4 spriggan air magi
  14 great orbs of eyes
  Harold (Elf:1)
  19 hydras
  An ice dragon (shapeshifter) (Vaults:4)
  31 naga warriors
  A quicksilver dragon skeleton (Crypt:2)
  Nessos (Orc:4)
  2 catoblepae (Depths:4)
  3 ghost crabs
  9 alligators
  26 ice dragons
  Erica (Lair:2)
  7 anacondas
  8 rakshasas
  16 deep troll earth magi
  15 ogre magi
  A death knight (Crypt:3)
  17 deep troll shamans
  13 centaur warriors
  The ghost of faibistes the Thaumaturge, a powerful DEWz of Sif Muna (Lair:1)
  12 dancing weapons (Elf:2)
  23 death yaks
  21 naga sharpshooters
  A hell hog (Depths:5)
  A titan zombie (Crypt:3)
  A hell beast (Hell)
  4 tengu warriors
  11 vampire magi
  9 shock serpents
  Urug (Elf:1)
  2 orc high priests
  A spectral storm dragon (Tomb:1)
  11 spriggan berserkers
  5 shadow wraiths
  3 titan skeletons
  14 spriggans
  7 soul eaters
  20 deep elf knights
  A storm dragon zombie (Crypt:3)
  3 iron trolls
  36 hell knights
  A fire crab (Lair:8)
  3 ice devils (Hell)
  41 skeletal warriors
  A fire crab (shapeshifter) (Vaults:5)
  A death drake (Swamp:5)
  A storm dragon skeleton (Crypt:2)
  12 death scarabs (Tomb:1)
  49 deep trolls
  2 salamander mystics
  5 sun demons
  A swamp dragon (shapeshifter) (Vaults:5)
  A gelid demonspawn (Depths:1)
  5 spectral hydras
  16 deep elf summoners
  10 giant orange brains
  A giant orange brain (shapeshifter) (Vaults:5)
  An ice statue (Hell)
  3 anaconda zombies
  12 flayed ghosts
  A shambling mangrove (Swamp:4)
  Erolcha (D:11)
  14 harpies
  6 swamp dragons
  11 naga ritualists
  3 unseen horrors
  11 necromancers
  24 ironbrand convokers
  A spriggan druid (Swamp:4)
  27 orc knights
  2 golden dragon skeletons (Crypt:2)
  6 anubis guards
  7 hill giants
  15 mana vipers
  A putrid demonspawn (Depths:3)
  An anubis guard (shapeshifter) (D:15)
  A kraken simulacrum (Hell)
  9 shining eyes
  4 anaconda skeletons
  8 cyclopes
  A wolf spider zombie (Crypt:1)
  12 deep elf conjurers
  A salamander (shapeshifter) (Vaults:3)
  6 hornets
  10 wolf spiders
  3 shadow dragon skeletons (Crypt:2)
  A spectral ice dragon (Crypt:3)
  8 manticores
  16 moths of wrath
  A spectral fire dragon (Crypt:1)
  A draconian zombie (Zot:1)
  10 orc sorcerers
  81 ugly things
  15 salamanders
  2 fire giant zombies
  A frost giant zombie (Crypt:3)
  4 wizards
  A mana viper (shapeshifter) (Vaults:2)
  A water nymph (shapeshifter) (Depths:4)
  A manticore (shapeshifter) (Depths:5)
  A shining eye (shapeshifter) (Vaults:1)
  A spectral shock serpent (Tomb:1)
  A draconian (shapeshifter) (Vaults:3)
  2 sixfirhies
  7 griffons
  3 iron dragon skeletons (Crypt:2)
  3 centaur zombies (D:10)
  2 frost giant skeletons
  18 phantasmal warriors
  An eye of devastation (shapeshifter) (Vaults:5)
  8 guardian serpents
  An octopode (shapeshifter) (D:15)
  34 black mambas
  6 rust devils
  An elephant (shapeshifter) (Vaults:5)
  17 elephants
  2 dire elephant zombies
  A shock serpent zombie (Hell)
  A stone giant skeleton (Tomb:1)
  2 torpor snails
  4 orange demons
  23 spiny frogs
  4 eyes of devastation
  2 fire giant skeletons (Crypt:2)
  6 smoke demons
  2 hellions
  14 vault sentinels
  Psyche (Orc:1)
  An emperor scorpion zombie (Crypt:1)
  71 yaktaurs
  5 gargoyles
  5 swamp worm zombies (Swamp:5)
  12 komodo dragons
  3 dire elephant skeletons (Crypt:2)
  9 kobold demonologists
  9 blue devils
  A hellwing (Tomb:1)
  A tormentor (Hell)
  A golden dragon simulacrum (Depths:1)
  41 naga magi
  A mottled draconian skeleton (Crypt:2)
  A purple draconian skeleton (Crypt:2)
  A fire drake (Lair:8)
  5 red devils
  A yaktaur (shapeshifter) (Vaults:2)
  15 guardian mummies
  A yellow draconian skeleton (Crypt:2)
  A grey draconian skeleton (Zot:2)
  2 hydra zombies (Swamp:5)
  A green draconian skeleton (Crypt:1)
  20 two-headed ogres
  A fire vortex (Tomb:1)
  2 queen bees (shapeshifter)
  12 trolls
  19 freezing wraiths
  A death drake zombie (Crypt:2)
  A jumping spider (shapeshifter) (Vaults:1)
  Sonja (Orc:2)
  A polar bear (shapeshifter) (Vaults:1)
  A merfolk (shapeshifter) (Vaults:4)
  An anaconda simulacrum (Hell)
  15 deep elf priests
  10 giant leeches
  Grinder (D:4)
  16 bog bodies
  2 spectral swamp dragons (Swamp:5)
  A jumping spider (Elf:3)
  2 large abominations (Vaults:4)
  A tengu conjurer (Depths:3)
  A sphinx simulacrum (Vaults:2)
  5 hydra skeletons
  4 baby alligators
  A raven (shapeshifter) (Vaults:2)
  15 ravens
  An ettin zombie (Tomb:1)
  4 ushabtiu
  A basilisk (shapeshifter) (Vaults:4)
  A giant leech (shapeshifter) (Vaults:5)
  93 slime creatures
  An iron dragon simulacrum (Tomb:1)
  6 boulder beetles
  30 blink frogs
  2 alligator zombies
  A slime creature (shapeshifter) (Vaults:1)
  3 harpy skeletons
  A ynoxinul (Vaults:4)
  4 basilisks
  35 flying skulls
  An ice dragon zombie (Crypt:2)
  5 wandering mushrooms
  An ice dragon skeleton (Crypt:2)
  3 air elementals
  2 trapdoor spiders (D:11)
  A fire dragon skeleton (Crypt:2)
  15 shadows
  43 yaks
  A spriggan (shapeshifter) (Vaults:1)
  An alligator skeleton (Crypt:2)
  A redback (shapeshifter) (Depths:1)
  2 trapdoor spiders (shapeshifter)
  17 vampires
  6 redbacks
  2 hogs (Snake:3)
  14 wraiths
  27 deep elf magi
  An ettin skeleton (Crypt:2)
  A black mamba skeleton (Crypt:3)
  10 hippogriffs
  A steam dragon (Zot:1)
  A tarantella (shapeshifter) (D:12)
  5 golden eyes
  7 water elementals
  6 fire elementals
  3 fire bats (Lair:1)
  2 wyverns
  53 vampire mosquitoes
  A yaktaur simulacrum (Depths:1)
  8 hungry ghosts
  A raven zombie (Crypt:1)
  42 deep elf fighters
  A hippogriff (shapeshifter) (Vaults:2)
  12 wolves
  25 wargs
  2 mottled dragons
  16 insubstantial wisps
  36 swamp worms
  79 nagas
  A spiny frog zombie (Hell)
  36 water moccasins
  2 swamp drakes
  A deep troll skeleton (Vaults:2)
  2 hydra simulacra
  9 hell hounds
  9 porcupines
  2 spiny frog skeletons
  2 chaos spawn
  A black bear (shapeshifter) (Vaults:5)
  60 orc warriors
  An ice beast (D:8)
  7 necrophages
  An ettin simulacrum (Vaults:1)
  An ice beast (shapeshifter) (Vaults:3)
  14 phantoms
  3 black bears
  An alligator simulacrum (Hell)
  6 sky beasts
  A boring beetle (shapeshifter) (D:13)
  12 boggarts
  16 wasps
  3 snapping turtle zombies
  6 boring beetles
  7 swamp dragon zombies
  21 crocodiles
  25 centaurs
  A manticore skeleton (Crypt:1)
  5 eyes of draining
  57 ogres
  2 blink frog skeletons (Crypt:2)
  4 lost souls
  Sigmund (D:7)
  2 snapping turtle skeletons
  A fire crab zombie (Crypt:1)
  An ogre simulacrum (Vaults:1)
  7 human zombies
  11 big kobolds
  44 giant frogs
  A vine stalker skeleton (Crypt:1)
  2 gnoll sergeants (D:8)
  5 scorpions
  15 jellies
  A wyvern skeleton (D:10)
  A manticore simulacrum (Crypt:2)
  9 wights
  21 killer bees
  2 oklob saplings (D:8)
  2 spriggan skeletons (Crypt:2)
  6 electric eels
  12 crimson imps
  A goliath beetle (D:8)
  Dowan (D:8)
  19 hounds
  3 human simulacra
  3 giant frog zombies
  5 quasits
  6 centaur skeletons
  3 giant frog skeletons
  33 orc priests
  3 iron imps
  2 spectral swamp drakes (Swamp:5)
  9 iguanas
  13 worker ants
  37 orc wizards
  19 hell rats
  A sheep (shapeshifter) (Vaults:5)
  18 sheep
  Ijyb (D:2)
  32 mummies
  2 naga skeletons (Crypt:2)
  A hound zombie (D:5)
  An elf simulacrum (Vaults:1)
  2 hound skeletons
  A worker ant zombie (D:8)
  19 adders
  A naga simulacrum (Tomb:1)
  46 river rats
  9 gnolls (D:8)
  A river rat (shapeshifter) (Depths:2)
  A giant mite (D:3)
  4 shadow imps
  10 worms
  2 ufetubi (Depths:3)
  An adder zombie (D:6)
  An orc zombie (Orc:2)
  An adder skeleton (D:7)
  A sheep skeleton (Crypt:1)
  5 giant geckos
  3 oozes
  An ooze (shapeshifter) (Depths:1)
  236 orcs
  A ball python (D:3)
  13 bats
  A bat skeleton (D:4)
  A bat zombie (Crypt:1)
  7 giant cockroaches
  A gnoll zombie (Crypt:1)
  18 goblins
  18 hobgoblins
  A jackal (shapeshifter) (Vaults:1)
  22 quokkas
  A giant gecko skeleton (D:5)
  4 giant newts
  4 jackals (D:2)
  A jackal skeleton (D:4)
  A jackal zombie (D:6)
  41 kobolds
  A quokka zombie (D:8)
  33 rats
  A spectral kobold (Tomb:1)
  A butterfly (Lair:5)
  A crawling corpse (Elf:3)
  9 fungi
  17 plants
3890 creatures vanquished.

Vanquished Creatures (collateral kills)
  A lich (Depths:3)
  A tengu reaver (Depths:4)
  An azure jelly (Slime:1)
  A frost giant (Depths:4)
  A ghoul (Crypt:1)
  An ironheart preserver (Vaults:5)
  A green draconian (Zot:1)
  2 very ugly things
  A red draconian (Zot:2)
  2 mottled draconians
  A white draconian (Zot:1)
  A deep elf death mage (Vaults:5)
  A jiangshi (Crypt:2)
  A vault guard (Vaults:5)
  An ice dragon (Zot:2)
  A death yak (Lair:6)
  A death scarab (Tomb:1)
  A griffon (Lair:8)
  2 moths of wrath
  A black mamba (Lair:8)
  5 elephants
  A torpor snail (Lair:6)
  4 spiny frogs (Lair:8)
  An anaconda simulacrum (Hell)
  A queen bee (Lair:7)
  A komodo dragon (Lair:7)
  4 blink frogs (Lair:8)
  A hydra skeleton (Crypt:1)
  A slime creature (Slime:2)
  An ushabti (Tomb:1)
  2 water elementals (Depths:4)
  3 wolves (Lair:7)
  A naga (Lair:4)
  A warg (Orc:2)
  A harpy simulacrum (Tomb:1)
  2 orc warriors
  2 ogres
  An eye of draining (Slime:6)
  A giant frog (Lair:8)
  12 killer bees (Lair:7)
  An iguana (D:10)
  A jelly (Slime:3)
  5 orc priests
  11 orc wizards
  10 sheep
  3 mummies (Tomb:1)
  An adder (D:2)
  27 river rats
  An ufetubus (Depths:3)
  47 orcs
  A goblin (Orc:2)
  3 hobgoblins
  A quokka (Lair:6)
  A rat (Lair:6)
  A bush (Lair:8)
  19 fungi
  25 plants
227 creatures vanquished.

Vanquished Creatures (others)
  An eldritch tentacle (Depths:3)
  2 bennus (Tomb:2)
  A spriggan druid (Swamp:5)
  7 draconian zombies
  A draconian skeleton (Zot:2)
  A red draconian zombie (Zot:1)
  2 green draconian zombies
  2 grey draconian zombies (Zot:1)
  A white draconian zombie (Zot:2)
  2 pale draconian zombies
  A yaktaur (Vaults:4)
  A grey draconian skeleton (Zot:2)
  A pale draconian skeleton (Zot:2)
  A green draconian skeleton (Zot:2)
  A black draconian skeleton (Zot:2)
  A red draconian skeleton (Zot:2)
  A yellow draconian skeleton (Zot:2)
  419 fire vortices
  4 moth of wrath zombies
  2 slime creatures (Swamp:1)
  2 ice dragon zombies
  A fire dragon skeleton (Zot:1)
  A yak (Lair:3)
  A water elemental (Hell)
  A human (Snake:3)
  7 lost souls
  A tengu skeleton (Tomb:2)
  3 mummies
  2 white imps
  7 orcs
  2 giant spores (D:13)
  A goblin (Orc:4)
  A ballistomycete (D:13)
  2 blocks of ice (Crypt:3)
  2 bushes (Lair:5)
  A crawling corpse (Elf:3)
  129 eldritch tentacle segments (Depths:3)
  96 fungi
  93 plants
  5 snaplasher vines
  891 snaplasher vine segments
1701 creatures vanquished.

Grand Total: 5818 creatures vanquished

Notes
Turn   | Place    | Note
--------------------------------------------------------------
     0 | D:1      | faibistes, the Deep Elf Wizard, began the quest for the Orb.
     0 | D:1      | Reached XP level 1. HP: 10/10 MP: 6/6
   249 | D:1      | Reached XP level 2. HP: 12/15 MP: 9/9
   253 | D:1      | Learned a level 2 spell: Blink
   256 | D:1      | Learned a level 2 spell: Call Imp
  1034 | D:2      | Noticed Ijyb
  1050 | D:2      | Reached XP level 3. HP: 19/19 MP: 3/13
  1087 | D:1      | Learned a level 3 spell: Conjure Flame
  1091 | D:1      | Learned a level 3 spell: Mephitic Cloud
  1225 | D:3      | Reached skill level 5 in Spellcasting
  1938 | D:2      | Killed Ijyb
  1938 | D:2      | Reached XP level 4. HP: 24/24 MP: 1/17
  1944 | D:1      | Learned a level 2 spell: Repel Missiles
  2404 | D:5      | Entered Level 5 of the Dungeon
  2660 | D:5      | Reached XP level 5. HP: 28/28 MP: 18/20
  2692 | D:4      | Found a bloodstained altar of Trog.
  2694 | D:4      | Found a burning altar of Makhleb.
  2760 | D:3      | Reached skill level 6 in Spellcasting
  3408 | D:3      | You fall through a shaft for 2 floors!
  3419 | D:5      | Noticed a phantom
  3583 | D:4      | Noticed Grinder
  3598 | D:4      | Paralysed by Grinder for 2 turns
  3607 | D:4      | Paralysed by Grinder for 6 turns
  3622 | D:4      | Killed Grinder
  3622 | D:4      | Reached skill level 7 in Spellcasting
  3622 | D:4      | Reached XP level 6. HP: 32/32 MP: 5/23
  4410 | D:4      | Reached skill level 1 in Fighting
  4410 | D:4      | Reached skill level 1 in Evocations
  4410 | D:4      | Reached XP level 7. HP: 36/38 MP: 14/25
  5241 | D:5      | Found Ekiufitsah's Gadget Boutique.
  5291 | D:5      | Killed a phantom
  5396 | D:5      | Found a white marble altar of Elyvilon.
  5396 | D:5      | Found a basalt altar of Yredelemnul.
  5397 | D:5      | Found an ancient bone altar of Kikubaaqudgha.
  5458 | D:5      | Reached skill level 8 in Spellcasting
  5653 | D:6      | Noticed a yak
  5653 | D:6      | Noticed a yak
  5653 | D:6      | Noticed a yak
  5655 | D:6      | Noticed a yak
  5802 | D:5      | Noticed a sky beast
  5811 | D:5      | Killed a sky beast
  5811 | D:5      | Reached skill level 5 in Dodging
  6507 | D:6      | Noticed a yak
  6508 | D:6      | Noticed a yak
  6522 | D:6      | Killed a yak
  6522 | D:6      | Reached skill level 9 in Spellcasting
  6522 | D:6      | Reached XP level 8. HP: 35/46 MP: 27/28
  6523 | D:6      | Killed a yak
  6524 | D:6      | Killed a yak
  6531 | D:6      | Killed a yak
  6534 | D:6      | Killed a yak
  6534 | D:6      | Reached skill level 10 in Spellcasting
  6535 | D:6      | Killed a yak
  6743 | D:6      | Found Lugruh's General Store.
  6746 | D:6      | Bought a scroll of teleportation for 36 gold pieces
  6746 | D:6      | Bought a potion of invisibility for 96 gold pieces
  6746 | D:6      | Bought a potion of brilliance for 48 gold pieces
  6765 | D:6      | Found Struatosk's Gadget Shoppe.
  6781 | D:6      | Found a staircase to the Ecumenical Temple.
  6795 | Temple   | Entered the Ecumenical Temple
  6812 | Temple   | Became a worshipper of Sif Muna the Loreminder
  6995 | D:6      | Found a radiant altar of Vehumet.
  7034 | D:6      | Reached XP level 9. HP: 49/52 MP: 30/30
  7153 | D:7      | Reached skill level 1 in Fire Magic
  7197 | D:6      | Reached skill level 1 in Air Magic
  7340 | D:7      | Noticed Sigmund
  7351 | D:7      | Killed Sigmund
  7351 | D:7      | Acquired Sif Muna's first power
  7412 | D:6      | Found Ufapuha's Weapon Boutique.
  7576 | D:6      | Found Cheilas' Magic Scroll Boutique.
  7586 | D:6      | Bought a scroll of fear for 38 gold pieces
  7663 | D:7      | Reached skill level 1 in Poison Magic
  8009 | D:7      | Reached skill level 11 in Spellcasting
  8289 | D:7      | Reached skill level 5 in Conjurations
  8806 | D:8      | Acquired Sif Muna's second power
  9039 | D:8      | Reached XP level 10. HP: 58/58 MP: 11/32
  9258 | D:8      | Reached skill level 1 in Invocations
  9832 | D:8      | Reached skill level 1 in Charms
  9886 | D:8      | Noticed Dowan
  9901 | D:8      | Noticed Duvessa
 10496 | D:8      | Found a blossoming altar of Fedhas.
 11296 | D:8      | Noticed an orc knight
 11306 | D:8      | Killed an orc knight
 11306 | D:8      | Reached skill level 12 in Spellcasting
 11968 | D:8      | Noticed an orc knight
 12111 | D:8      | Reached XP level 11. HP: 62/62 MP: 20/34
 12198 | D:8      | Noticed an orc knight
 12212 | D:8      | Killed an orc knight
 12212 | D:8      | Reached skill level 5 in Fighting
 12289 | D:8      | Killed an orc knight
 12599 | D:8      | Noticed an orc knight
 12612 | D:8      | Killed an orc knight
 12612 | D:8      | Acquired Sif Muna's third power
 12612 | D:8      | Reached skill level 5 in Fire Magic
 12824 | D:8      | Killed Dowan
 13692 | D:10     | Entered Level 10 of the Dungeon
 13808 | D:10     | Noticed a hill giant
 13816 | D:10     | Killed a hill giant
 13816 | D:10     | Reached skill level 5 in Invocations
 13946 | D:9      | Found a staircase to the Lair.
 14757 | D:9      | Learned a level 4 spell: Leda's Liquefaction
 15094 | Lair:1   | Entered Level 1 of the Lair of Beasts
 15107 | Lair:1   | Learned a level 4 spell: Enslavement
 15328 | Lair:1   | Reached skill level 1 in Hexes
 15328 | Lair:1   | Reached skill level 5 in Translocations
 15389 | Lair:1   | Reached skill level 1 in Earth Magic
 15626 | Lair:1   | Found a dark tunnel.
 16459 | Lair:1   | Reached skill level 13 in Spellcasting
 16474 | Lair:2   | Noticed a seven-headed hydra
 16528 | Lair:2   | Killed a seven-headed hydra
 16528 | Lair:2   | Reached skill level 5 in Charms
 16719 | Lair:2   | Reached XP level 12. HP: 68/68 MP: 35/35
 16762 | Lair:2   | Learned a level 5 spell: Venom Bolt
 17114 | Lair:2   | Noticed Erica
 17602 | Lair:2   | Killed Erica
 18104 | Lair:4   | Found a staircase to the Snake Pit.
 18341 | Lair:3   | Reached skill level 5 in Evocations
 18703 | Lair:3   | Learned a level 5 spell: Lee's Rapid Deconstruction
 18708 | Lair:3   | Learned a level 4 spell: Petrify
 18730 | Lair:3   | Reached skill level 1 in Transmutations
 19559 | Lair:3   | Noticed a five-headed hydra
 20454 | Lair:3   | Killed a five-headed hydra
 20817 | Lair:3   | Got a translucent falchion
 20818 | Lair:3   | Identified the cursed -1 falchion "Beewo" {slice, rElec rN+ Str+4 Int-3} (You found it on level 3 of the Lair of Beasts)
 20881 | Lair:3   | Received a gift from Sif Muna
 20890 | Lair:3   | Learned a level 5 spell: Summon Forest
 20895 | Lair:3   | Learned a level 3 spell: Stone Arrow
 21398 | Lair:4   | Identified a scroll of acquirement
 21399 | Lair:4   | Identified the Catalogue of Bewitchment (You acquired it on level 4 of the Lair of Beasts)
 21405 | Lair:4   | Learned a level 3 spell: Dazzling Spray
 21420 | Lair:4   | Found a staircase to the Swamp.
 22241 | D:6      | Bought a scroll of teleportation for 33 gold pieces
 22241 | D:6      | Bought a scroll of identify for 22 gold pieces
 22241 | D:6      | Bought a scroll of identify for 22 gold pieces
 23457 | Lair:5   | Noticed a four-headed hydra
 23471 | Lair:5   | Killed a four-headed hydra
 23726 | Lair:6   | Noticed a six-headed hydra
 23749 | Lair:6   | Killed a six-headed hydra
 23749 | Lair:6   | Reached XP level 13. HP: 32/74 MP: 5/36
 24873 | Lair:5   | Reached skill level 14 in Spellcasting
 25622 | Lair:6   | Reached skill level 5 in Earth Magic
 25790 | Lair:6   | Reached skill level 5 in Poison Magic
 27549 | Lair:6   | Received a gift from Sif Muna
 27550 | Lair:6   | Identified Sif Muna's Reference Book on the Escort (Sif Muna gifted it to you on level 6 of the Lair of Beasts)
 28227 | Lair:8   | Entered Level 8 of the Lair of Beasts
 30887 | Lair:8   | Reached XP level 14. HP: 80/80 MP: 37/38
 31407 | Lair:8   | Reached skill level 10 in Dodging
 33351 | Lair:8   | Found a staircase to the Slime Pits.
 33962 | Lair:8   | Received a gift from Sif Muna
 33969 | Lair:8   | Identified Sif Muna's Grimoire of Aid (Sif Muna gifted it to you on level 8 of the Lair of Beasts)
 34597 | Lair:8   | Identified the Almanac of Heat and Arcane Weapons
 34604 | Lair:8   | Learned a level 5 spell: Fireball
 35615 | D:10     | Killed an unseen horror
 35615 | D:10     | Reached skill level 15 in Spellcasting
 36859 | D:11     | Noticed a hill giant
 36874 | D:11     | Killed a hill giant
 37575 | D:12     | Found a staircase to the Orcish Mines.
 37887 | D:11     | Noticed Erolcha
 37891 | D:11     | Killed Erolcha
 40582 | Orc:1    | Entered Level 1 of the Orcish Mines
 40637 | Orc:2    | Noticed Sonja
 40639 | Orc:2    | Killed Sonja
 40646 | Orc:2    | Noticed Fannar
 40815 | Orc:1    | Killed Fannar
 41009 | Orc:2    | Noticed Josephine
 41354 | Orc:2    | Killed Josephine
 41354 | Orc:2    | Reached skill level 10 in Charms
 41354 | Orc:2    | Reached skill level 10 in Invocations
 42324 | Orc:3    | Found a staircase to the Elven Halls.
 42331 | Orc:1    | Noticed Psyche
 42337 | Orc:1    | Killed Psyche
 42975 | Orc:1    | Found a roughly hewn altar of Beogh.
 43050 | Orc:1    | Reached XP level 15. HP: 85/85 MP: 12/39
 43516 | Orc:1    | Found a bloodstained altar of Trog.
 44105 | Orc:4    | Entered Level 4 of the Orcish Mines
 44113 | Orc:4    | Noticed Nessos
 44438 | Orc:4    | Killed Nessos
 44949 | Orc:4    | Found Syagoy's Antique Armour Shoppe.
 45978 | Orc:3    | Received a gift from Sif Muna
 45979 | Orc:3    | Identified Sif Muna's Incunabulum of the Entrancing Voyage (Sif Muna gifted it to you on level 3 of the Orcish Mines)
 46203 | Orc:3    | Noticed Snorg
 46209 | Orc:3    | Killed Snorg
 46612 | Orc:4    | Found Luoryoh's General Store.
 46624 | Orc:4    | Bought a scroll of teleportation for 51 gold pieces
 47410 | Orc:4    | Found Weefremoecw's Book Boutique.
 47419 | Orc:4    | Bought a book of Power for 675 gold pieces
 47420 | Orc:4    | Bought a book of Conjurations for 450 gold pieces
 47603 | Lair:2   | Learned a level 5 spell: Bolt of Magma
 47610 | Lair:2   | Learned a level 6 spell: Iron Shot
 47617 | Lair:2   | Learned a level 5 spell: Iskenderun's Battlesphere
 47880 | Orc:4    | Found Bogon's Antique Weapon Shoppe.
 48314 | Elf:1    | Entered Level 1 of the Elven Halls
 49102 | Elf:1    | Noticed Nikola
 49103 | Elf:1    | Noticed Harold
 49108 | Elf:1    | Noticed Frances
 49108 | Elf:1    | Killed Harold
 49110 | Elf:1    | Killed Nikola
 49113 | Elf:1    | Killed Frances
 49344 | Elf:1    | Reached skill level 16 in Spellcasting
 49586 | Elf:1    | Found Qypuoxt's Gadget Boutique.
 50153 | Elf:1    | Noticed Urug
 50155 | Elf:1    | Killed Urug
 50903 | Elf:2    | Found Ehimn's Jewellery Shop.
 50904 | Elf:2    | Received a gift from Sif Muna
 50905 | Elf:2    | Identified Sif Muna's Papyrus of Confrontation (Sif Muna gifted it to you on level 2 of the Elven Halls)
 50912 | Elf:2    | Learned a level 4 spell: Sticky Flame
 51320 | Elf:2    | Found a runed gate.
 51320 | Elf:2    | Found a runed gate.
 51321 | Elf:2    | Found a runed gate.
 51779 | Lair:2   | Learned a level 6 spell: Deflect Missiles
 51785 | Lair:2   | Learned a level 4 spell: Airstrike
 52108 | Elf:2    | Reached XP level 16. HP: 87/92 MP: 10/40
 52158 | Elf:2    | Reached skill level 10 in Earth Magic
 52164 | Elf:2    | Reached skill level 10 in Conjurations
 52175 | Elf:2    | Noticed a deep elf blademaster
 52191 | Elf:2    | Noticed Agnes
 52196 | Elf:2    | Killed Agnes
 52227 | Elf:2    | Reached skill level 10 in Fire Magic
 52498 | Elf:2    | Killed a deep elf blademaster
 53070 | Swamp:1  | Entered Level 1 of the Swamp
 53752 | Swamp:1  | HP: 4/93 [alligator (5)]
 54905 | Snake:1  | Entered Level 1 of the Snake Pit
 55280 | Snake:2  | Received a gift from Sif Muna
 55281 | Snake:2  | Identified Sif Muna's Disquisition on Attacks (Sif Muna gifted it to you on level 2 of the Snake Pit)
 55808 | Snake:1  | Found Anaevvil's Book Emporium.
 55813 | Snake:1  | Found Qejerr's Magic Scroll Boutique.
 55836 | Snake:1  | Bought a scroll of teleportation for 54 gold pieces
 55836 | Snake:1  | Bought a scroll of teleportation for 54 gold pieces
 55873 | Snake:1  | Noticed Louise
 55880 | Snake:1  | Killed Louise
 55880 | Snake:1  | Reached skill level 17 in Spellcasting
 56403 | Elf:2    | Bought the amulet "Qossahak" {rMut rElec rC++ Dex+6} for 1261 gold pieces
 56998 | Snake:1  | Noticed Aizul
 57006 | Snake:1  | Killed Aizul
 57462 | Snake:1  | Noticed Azrael
 57467 | Snake:1  | Killed Azrael
 58339 | Snake:2  | Found Tenn's Jewellery Shoppe.
 58431 | Snake:2  | Reached skill level 10 in Translocations
 58431 | Snake:2  | Reached XP level 17. HP: 99/99 MP: 26/41
 58432 | Snake:2  | Reached skill level 10 in Evocations
 60001 | Snake:3  | Noticed Kirke
 60005 | Snake:3  | Killed Kirke
 60005 | Snake:3  | Received a gift from Sif Muna
 60006 | Snake:3  | Identified Sif Muna's Collected Works on Heat and Malediction (Sif Muna gifted it to you on level 3 of the Snake Pit)
 60013 | Snake:3  | Learned a level 5 spell: Ignite Poison
 61546 | Snake:4  | Noticed Vashnia
 61719 | Snake:4  | Killed Vashnia
 61961 | Snake:4  | Reached skill level 18 in Spellcasting
 62512 | Snake:5  | Entered Level 5 of the Snake Pit
 62519 | Snake:5  | Received a gift from Sif Muna
 62526 | Snake:5  | Identified Khakk's Disquisition on Ensnaring Good Luck (Sif Muna gifted it to you on level 5 of the Snake Pit)
 63725 | Snake:5  | Reached XP level 18. HP: 74/105 MP: 34/43
 66872 | Swamp:5  | Entered Level 5 of the Swamp
 67119 | Swamp:3  | Noticed Donald
 67126 | Swamp:3  | Killed Donald
 67587 | Swamp:3  | Received a gift from Sif Muna
 67588 | Swamp:3  | Identified Sif Muna's Volume of Self-Knowledge (Sif Muna gifted it to you on level 3 of the Swamp)
 69854 | Lair:2   | Learned a level 7 spell: Ring of Flames
 70098 | Elf:2    | Bought an uncursed ring of wizardry for 450 gold pieces
 70559 | Swamp:4  | Reached skill level 19 in Spellcasting
 71481 | Swamp:4  | Learned a level 4 spell: Force Lance
 73432 | D:13     | Found a gate to the Vaults.
 74196 | D:14     | Received a gift from Sif Muna
 74365 | D:14     | Identified Sif Muna's Grimoire of the Unstable Mountains (Sif Muna gifted it to you on level 14 of the Dungeon)
 74622 | D:15     | Entered Level 15 of the Dungeon
 75036 | Lair:2   | Learned a level 6 spell: Poisonous Cloud
 76193 | D:14     | Found a sacrificial altar of Ru.
 76659 | D:15     | Reached XP level 19. HP: 112/112 MP: 29/44
 77184 | D:15     | Found a staircase to the Depths.
 77920 | Lair:2   | Learned a level 6 spell: Haste
 79489 | Snake:5  | Reached skill level 10 in Fighting
 80387 | Snake:5  | Received a gift from Sif Muna
 80388 | Snake:5  | Identified Sif Muna's Papyrus of Orientation and Malediction (Sif Muna gifted it to you on level 5 of the Snake Pit)
 81245 | Snake:5  | Got a serpentine rune of Zot
 83560 | Swamp:5  | Reached skill level 20 in Spellcasting
 84105 | Swamp:5  | Noticed a bone dragon
 84111 | Swamp:5  | Killed a bone dragon
 84723 | Swamp:5  | Got a decaying rune of Zot
 85173 | Vaults:1 | Entered Level 1 of the Vaults
 86165 | Vaults:1 | Learned a level 6 spell: Bolt of Fire
 86223 | Vaults:1 | Received a gift from Sif Muna
 86226 | Vaults:1 | Identified Sif Muna's Tome of Feathers and Attacks (Sif Muna gifted it to you on level 1 of the Vaults)
 86399 | Vaults:1 | Reached XP level 20. HP: 96/118 MP: 20/45
 86455 | Vaults:1 | Got a steaming scimitar
 86456 | Vaults:1 | Identified the +3 scimitar of Waniatwi {pain, rC+} (You took it off an orc on level 1 of the Vaults)
 87765 | Vaults:1 | Reached skill level 15 in Earth Magic
 88088 | Vaults:1 | Reached skill level 15 in Fire Magic
 88846 | Vaults:1 | Received a gift from Sif Muna
 88846 | Vaults:1 | Reached skill level 21 in Spellcasting
 88848 | Vaults:1 | Identified Lom Lobon's Tome of the Compass (Sif Muna gifted it to you on level 1 of the Vaults)
 89559 | Vaults:1 | Reached skill level 15 in Conjurations
 90707 | Lair:2   | Learned a level 8 spell: Lehudib's Crystal Spear
 91627 | Vaults:2 | Paralysed by a great orb of eyes for 3 turns
 92164 | Vaults:2 | Received a gift from Sif Muna
 92165 | Vaults:2 | Identified Sif Muna's Incunabulum of Attacks (Sif Muna gifted it to you on level 2 of the Vaults)
 92239 | Vaults:2 | Found Zayfoc's Armour Emporium.
 92609 | Vaults:3 | Reached XP level 21. HP: 95/124 MP: 33/46
 92797 | Vaults:3 | Got a scorched mace
 92798 | Vaults:3 | Identified the +2 mace "Boati" {drain, +Rage rN++} (You found it on level 3 of the Vaults)
 95048 | Vaults:3 | Found Lereunor's Magic Scroll Shoppe.
 95052 | Vaults:3 | Bought a scroll of teleportation for 39 gold pieces
 95883 | Vaults:3 | Received a gift from Sif Muna
 95887 | Vaults:3 | Identified Sif Muna's Intricacies of Spellcraft (Sif Muna gifted it to you on level 3 of the Vaults)
 96518 | Vaults:3 | Found a staircase to the Crypt.
 97070 | Vaults:3 | Reached skill level 22 in Spellcasting
 97426 | Vaults:3 | Noticed an ancient lich
 98527 | Vaults:3 | Received a gift from Sif Muna
 98532 | Vaults:3 | Identified Sif Muna's Volume of Combat Magic and the Volcanoes (Sif Muna gifted it to you on level 3 of the Vaults)
 98967 | Vaults:3 | Got a shimmering glass ring
 98969 | Vaults:3 | Identified the ring "Unoeduzauq" {Slay+3 Stlth+} (You took it off a vault warden on level 3 of the Vaults)
 99158 | Vaults:4 | Reached XP level 22. HP: 93/130 MP: 13/47
 99507 | Vaults:3 | Killed an ancient lich
100466 | Orc:4    | Bought an Akashic Record for 1656 gold pieces
100474 | Orc:4    | Learned a level 7 spell: Controlled Blink
100861 | Vaults:4 | Noticed Frederick
100864 | Vaults:4 | Killed Frederick
102240 | Vaults:4 | Noticed Jorgrun
102248 | Vaults:4 | Killed Jorgrun
102248 | Vaults:4 | Received a gift from Sif Muna
102249 | Vaults:4 | Identified Sif Muna's Handbook of Igneous Battle Magic (Sif Muna gifted it to you on level 4 of the Vaults)
103401 | Depths:1 | Entered Level 1 of the Depths
104056 | Depths:1 | Found a gateway to Hell.
104068 | Depths:1 | Noticed a caustic shrike
104411 | Depths:1 | Killed a caustic shrike
105093 | Depths:1 | Reached skill level 23 in Spellcasting
105250 | Depths:1 | Got a polished quarterstaff
105251 | Depths:1 | Identified the +4 quarterstaff of Cowardice {flame, rF- rN+ MR+ Str+3} (You found it on level 1 of the Depths)
105322 | Depths:1 | Noticed Saint Roka
105326 | Depths:1 | Killed Saint Roka
105828 | Depths:2 | Paralysed by a sphinx for 4 turns
105934 | Depths:1 | Received a gift from Sif Muna
105935 | Depths:1 | Identified Sif Muna's Guide on Battle Magic (Sif Muna gifted it to you on level 1 of the Depths)
106767 | Depths:1 | Reached XP level 23. HP: 136/136 MP: 39/48
107148 | Depths:1 | Found a one-way gate leading to the halls of Pandemonium.
108326 | Depths:1 | Received a gift from Sif Muna
108331 | Depths:1 | Identified Efuzexeq's Catalogue of Transformation (Sif Muna gifted it to you on level 1 of the Depths)
108407 | Depths:1 | Got a scorched short sword
108408 | Depths:1 | Identified the +6 short sword of Instant Death {pierce, Str+3} (You took it off a merfolk javelineer on level 1 of the Depths)
110846 | Depths:2 | Identified Jeethema's Reference Book on Feathers
111616 | Depths:3 | Received a gift from Sif Muna
111617 | Depths:3 | Identified Sif Muna's Compendium of Companions (Sif Muna gifted it to you on level 3 of the Depths)
112126 | Depths:2 | Found a gateway to a ziggurat.
112681 | Lair:1   | Noticed faibistes' ghost (powerful DEWz)
112687 | Lair:1   | Killed faibistes' ghost
113184 | Depths:2 | Found Shraiq's General Store.
113189 | Depths:2 | Bought the +2 pair of boots of Elyvilon's Envy {Dex+2} for 282 gold pieces
113189 | Depths:2 | Bought a potion of heal wounds for 55 gold pieces
113793 | Depths:2 | Reached skill level 24 in Spellcasting
114223 | Depths:3 | Reached XP level 24. HP: 144/144 MP: 3/48
114590 | Lair:2   | Learned a level 9 spell: Fire Storm
115547 | Depths:3 | Received a gift from Sif Muna
115548 | Depths:3 | Identified Sif Muna's Reference Book on Companions (Sif Muna gifted it to you on level 3 of the Depths)
116992 | Depths:5 | Entered Level 5 of the Depths
118285 | Depths:3 | Received a gift from Sif Muna
118286 | Depths:3 | Identified Ropob's Reference Book on Companions (Sif Muna gifted it to you on level 3 of the Depths)
119422 | Depths:4 | Found a glowing golden altar of the Shining One.
120622 | Depths:4 | Found a one-way gate to the infinite horrors of the Abyss.
121520 | Depths:4 | Received a gift from Sif Muna
121521 | Depths:4 | Identified Valusuol's Almanac of Summoning (Sif Muna gifted it to you on level 4 of the Depths)
121742 | Depths:4 | Reached skill level 25 in Spellcasting
121742 | Depths:4 | Reached XP level 25. HP: 150/150 MP: 20/49
122162 | Depths:4 | Got a pitted rapier
122163 | Depths:4 | Identified the +3 rapier of Guile {venom, -Tele Str+3 Dex+2} (You took it off a rakshasa on level 4 of the Depths)
123762 | Elf:3    | Entered Level 3 of the Elven Halls
125061 | Elf:3    | Received a gift from Sif Muna
125062 | Elf:3    | Identified Sif Muna's Guide on the Escort (Sif Muna gifted it to you on level 3 of the Elven Halls)
125593 | Elf:3    | Identified the Papyrus of Talismans
125601 | Elf:3    | Got a steaming jade ring
125603 | Elf:3    | Identified the ring "Chax" {SustAb -Cast rN+ MR+ SInv} (You found it on level 3 of the Elven Halls)
125623 | Elf:3    | Got a coiled tin amulet
125625 | Elf:3    | Identified the amulet "Kheom" {+Rage Int+5} (You found it on level 3 of the Elven Halls)
126227 | Elf:3    | Got a crude cloak
126238 | Elf:3    | Identified the +1 cloak of Baquec {rF- Dex+4 SInv} (You found it on level 3 of the Elven Halls)
126250 | Elf:3    | Got an ominously black robe
126261 | Elf:3    | Identified the +1 robe "Shreaje" {+Blink rElec SInv} (You found it on level 3 of the Elven Halls)
126278 | Elf:3    | Got a twisted helmet
126289 | Elf:3    | Identified the +1 helmet of Psulal {Str+4 Int+3} (You found it on level 3 of the Elven Halls)
126299 | Elf:3    | Identified the Collected Works on Congealing Attacks
126314 | Elf:3    | Got a pair of steaming gloves
126325 | Elf:3    | Identified the cursed +0 pair of gloves of Articulation {rF- rC- MR+ Dex+7 Stlth+} (You found it on level 3 of the Elven Halls)
127569 | Depths:5 | Received a gift from Sif Muna
127570 | Depths:5 | Identified Sif Muna's Reference Book on Calling (Sif Muna gifted it to you on level 5 of the Depths)
128227 | Depths:5 | Found a gate to the Realm of Zot.
128349 | Depths:5 | Identified the Disquisition on Sinister Magic (You acquired it on level 5 of the Depths)
129176 | Lair:2   | Learned a level 5 spell: Dispel Undead
129555 | Vaults:5 | Entered Level 5 of the Vaults
129557 | Vaults:5 | Reached skill level 1 in Necromancy
129741 | Vaults:5 | Reached XP level 26. HP: 157/157 MP: 43/50
129750 | Vaults:5 | Received a gift from Sif Muna
129751 | Vaults:5 | Identified Sif Muna's Collected Works on Necromancy (Sif Muna gifted it to you on level 5 of the Vaults)
129927 | Vaults:5 | Reached skill level 5 in Necromancy
130524 | Vaults:5 | Reached skill level 26 in Spellcasting
130929 | Vaults:5 | Received a gift from Sif Muna
131010 | Vaults:3 | Bought a scroll of amnesia for 45 gold pieces
131021 | Vaults:3 | Learned a level 9 spell: Shatter
131688 | Vaults:5 | Noticed an ancient lich
131691 | Vaults:5 | Killed an ancient lich
131899 | Vaults:5 | Noticed an ancient lich
131900 | Vaults:5 | Killed an ancient lich
132615 | Vaults:5 | Got an ancient cloak
132626 | Vaults:5 | Identified the +2 cloak of the Bulwark {-Tele rF++ Regen+ SInv} (You found it on level 5 of the Vaults)
132821 | Vaults:5 | Received a gift from Sif Muna
132822 | Vaults:5 | Identified Sif Muna's Tome of Black Magic (Sif Muna gifted it to you on level 5 of the Vaults)
133132 | Vaults:5 | Got a silver rune of Zot
133716 | Vaults:5 | Noticed an ancient lich
133718 | Vaults:5 | Killed an ancient lich
134630 | Hell     | Entered the Vestibule of Hell
134630 | Hell     | Noticed Geryon
134633 | Hell     | Killed Geryon
134654 | Hell     | Reached XP level 27. HP: 163/163 MP: 2/50
134825 | Hell     | Reached skill level 10 in Necromancy
134825 | Hell     | Received a gift from Sif Muna
134826 | Hell     | Identified Cigotuvi's Disquisition on Darkness (Sif Muna gifted it to you in the Vestibule of Hell)
134833 | Hell     | Noticed Murray
134837 | Hell     | Killed Murray
135330 | Hell     | Found a gateway to the ashen valley of Gehenna.
135454 | Hell     | Found a gateway to the Iron City of Dis.
135616 | Hell     | Found a gateway to the freezing wastes of Cocytus.
135760 | Hell     | Found a gateway to the decaying netherworld of Tartarus.
136580 | Lair:2   | Learned a level 2 spell: Throw Frost
136828 | Orc:4    | Bought a book of Necromancy for 450 gold pieces
136833 | Orc:4    | Learned a level 4 spell: Animate Dead
137169 | Zot:1    | Entered Level 1 of the Realm of Zot
137678 | Zot:1    | Reached skill level 1 in Ice Magic
138017 | Zot:1    | Noticed an orb of fire
138042 | Zot:1    | Killed an orb of fire
139118 | Zot:1    | Reached skill level 27 in Spellcasting
139308 | Zot:1    | Received a gift from Sif Muna
139309 | Zot:1    | Identified Sif Muna's Papyrus of Spatial Ice (Sif Muna gifted it to you on level 1 of the Realm of Zot)
139501 | Zot:1    | Noticed an orb of fire
139504 | Zot:1    | Killed an orb of fire
140483 | Zot:1    | Reached skill level 5 in Ice Magic
141753 | Zot:2    | Received a gift from Sif Muna
141754 | Zot:2    | Identified Sif Muna's Disquisition on Conjuration (Sif Muna gifted it to you on level 2 of the Realm of Zot)
142197 | Zot:2    | Found a corrupted altar of Lugonu.
142200 | Zot:2    | Identified the Almanac of the Zealot
142216 | Zot:2    | Identified the Almanac of Fire and Brimstone
143444 | Zot:2    | Received a gift from Sif Muna
143445 | Zot:2    | Identified Sif Muna's Grimoire of Conjuration (Sif Muna gifted it to you on level 2 of the Realm of Zot)
144399 | Hell     | Learned a level 1 spell: Animate Skeleton
144410 | Hell     | Learned a level 8 spell: Necromutation
144413 | Hell     | Learned a level 1 spell: Animate Skeleton
144886 | Slime:1  | Entered Level 1 of the Pits of Slime
145179 | Slime:6  | Entered Level 6 of the Pits of Slime
145224 | Slime:6  | Found a viscous altar of Jiyva.
145226 | Slime:6  | Killed the royal jelly
145226 | Slime:6  | Received a gift from Sif Muna
145432 | Slime:6  | Reached skill level 15 in Invocations
145438 | Slime:6  | Reached skill level 15 in Fighting
146030 | Slime:6  | Identified a +0 rod of clouds (13/13) (You found it on level 6 of the Pits of Slime)
146107 | Slime:6  | Identified a +4 rod of ignition (9/9) (You found it on level 6 of the Pits of Slime)
146114 | Slime:6  | Got a steaming long sword
146115 | Slime:6  | Identified the +6 long sword "Jellyslayer" {freeze, rC- rN+ MP+9 Str+3 Int-4} (You found it on level 6 of the Pits of Slime)
146129 | Slime:6  | Got a fine great mace
146130 | Slime:6  | Identified the cursed +2 great mace "Micyurao" {vamp, rN+ Dex+4} (You found it on level 6 of the Pits of Slime)
146137 | Slime:6  | Got a slimy rune of Zot
146160 | Slime:6  | Got a bone battleaxe
146161 | Slime:6  | Identified the +2 battleaxe of the Ghost {chop, +Rage rF+ Str+4} (You found it on level 6 of the Pits of Slime)
146788 | Crypt:1  | Entered Level 1 of the Crypt
146856 | Crypt:2  | Noticed Margery
146859 | Crypt:2  | Killed Margery
147011 | Crypt:2  | Received a gift from Sif Muna
147013 | Crypt:2  | Identified Sif Muna's Tome of the Compass (Sif Muna gifted it to you on level 2 of the Crypt)
147122 | Crypt:3  | Entered Level 3 of the Crypt
147137 | Crypt:2  | Reached skill level 10 in Ice Magic
148658 | Crypt:2  | Got a steaming pewter ring
148777 | Crypt:2  | Identified the ring of Harmony {MP+9 Str+3} (You found it on level 2 of the Crypt)
149069 | Crypt:2  | Received a gift from Sif Muna
149071 | Crypt:2  | Identified Sif Muna's Handbook of Battle Magic (Sif Muna gifted it to you on level 2 of the Crypt)
149388 | Crypt:3  | Reached skill level 15 in Necromancy
149757 | Crypt:3  | Got a clouded wooden ring
149764 | Crypt:3  | Identified the ring of Streqil {rN+ EV+3 Str+3} (You took it off a vampire on level 3 of the Crypt)
149849 | Crypt:3  | Identified the Compendium of Assistive Feathers (You found it on level 3 of the Crypt)
150096 | Crypt:3  | Got a steaming copper ring
150248 | Crypt:3  | Found a staircase to the Tomb.
150259 | Crypt:3  | Noticed an ancient lich
150260 | Crypt:3  | Killed an ancient lich
150294 | Crypt:3  | Identified the ring "Weep" {+Fly rElec rF- rN+ Str+7 Int-3} (You took it off a skeletal warrior on level 3 of the Crypt)
150300 | Crypt:3  | Identified Wiroimib's Handbook of Dark Rites (You found it on level 3 of the Crypt)
150336 | Crypt:3  | Learned a level 9 spell: Glaciate
150898 | Tomb:1   | Entered Level 1 of the Tomb of the Ancients
151272 | Tomb:1   | Noticed Boris
151274 | Tomb:1   | Killed Boris
151274 | Tomb:1   | Received a gift from Sif Muna
152285 | Tomb:1   | Noticed Jory
152289 | Tomb:1   | Killed Jory
152682 | Tomb:1   | Identified Sif Muna's Tome of the Glacier and Battle Magic (Sif Muna gifted it to you on level 1 of the Tomb of the Ancients)
152939 | Tomb:1   | Noticed an ancient lich
152942 | Tomb:1   | Killed an ancient lich
153326 | Tomb:2   | Received a gift from Sif Muna
153327 | Tomb:2   | Identified Erri's Tome of the Snowflakes (Sif Muna gifted it to you on level 2 of the Tomb of the Ancients)
153942 | Tomb:1   | Received a gift from Sif Muna
153943 | Tomb:1   | Identified Khufu's Collected Works on Black Rites (Sif Muna gifted it to you on level 1 of the Tomb of the Ancients)
154472 | Tomb:1   | Lost strength.
154481 | Tomb:1   | Received a gift from Sif Muna
154482 | Tomb:1   | Identified Sif Muna's Tome of Twisted Blows and Bruises (Sif Muna gifted it to you on level 1 of the Tomb of the Ancients)
154497 | Tomb:1   | HP: 2/164 [emperor scorpion[a greater mummy] (8)]
154497 | Tomb:1   | Mangled by an emperor scorpion

Action                   |  1- 3 |  4- 6 |  7- 9 | 10-12 | 13-15 | 16-18 | 19-21 | 22-24 | 25-27 || total
-------------------------+-------+-------+-------+-------+-------+-------+-------+-------+-------++-------
Melee: Short sword       |     2 |       |       |       |       |       |       |       |       ||     2
       Dagger            |     1 |    29 |    65 |   303 |   404 |    17 |    42 |       |       ||   861
       Staff             |       |       |       |       |     1 |     2 |       |     6 |     9 ||    18
       Falchion          |       |       |       |       |       |     1 |       |       |       ||     1
 Cast: Magic Dart        |    80 |   102 |   283 |   658 |    99 |       |       |       |       ||  1222
       Call Imp          |     3 |       |       |     2 |       |       |       |       |       ||     5
       Conjure Flame     |     3 |     9 |    42 |   165 |    74 |       |       |       |       ||   293
       Mephitic Cloud    |     2 |     8 |    30 |    60 |    33 |       |       |       |       ||   133
       Repel Missiles    |       |     1 |     1 |     3 |     2 |       |       |       |       ||     7
       Blink             |       |     1 |     1 |    49 |    47 |    24 |     7 |       |       ||   129
       Leda's Liquefacti |       |       |       |     8 |    11 |       |       |       |       ||    19
       Venom Bolt        |       |       |       |    47 |   135 |       |       |       |       ||   182
       Lee's Rapid Decon |       |       |       |    29 |   189 |    99 |     2 |       |       ||   319
       Dazzling Spray    |       |       |       |    15 |   168 |       |       |       |       ||   183
       Petrify           |       |       |       |     9 |    46 |       |       |       |       ||    55
       Summon Forest     |       |       |       |     4 |    37 |       |       |       |       ||    41
       Enslavement       |       |       |       |     1 |       |       |       |       |       ||     1
       Fireball          |       |       |       |       |   309 |   461 |   366 |   193 |    76 ||  1405
       Bolt of Magma     |       |       |       |       |    21 |    37 |     2 |       |       ||    60
       Iskenderun's Batt |       |       |       |       |    11 |    53 |       |       |       ||    64
       Airstrike         |       |       |       |       |     8 |   119 |    96 |    31 |    95 ||   349
       Sticky Flame      |       |       |       |       |       |    54 |       |       |       ||    54
       Iron Shot         |       |       |       |       |       |    11 |    29 |       |       ||    40
       Deflect Missiles  |       |       |       |       |       |     2 |     5 |     6 |     4 ||    17
       Ignite Poison     |       |       |       |       |       |    91 |    77 |    26 |       ||   194
       Ring of Flames    |       |       |       |       |       |    16 |    43 |    73 |   142 ||   274
       Force Lance       |       |       |       |       |       |     9 |    91 |    51 |    42 ||   193
       Poisonous Cloud   |       |       |       |       |       |     6 |    34 |    16 |     1 ||    57
       Bolt of Fire      |       |       |       |       |       |       |   153 |   220 |   232 ||   605
       Haste             |       |       |       |       |       |       |     6 |     8 |    17 ||    31
       Lehudib's Crystal |       |       |       |       |       |       |    28 |   108 |   168 ||   304
       Controlled Blink  |       |       |       |       |       |       |       |     2 |    11 ||    13
       Fire Storm        |       |       |       |       |       |       |       |    54 |   319 ||   373
       Shatter           |       |       |       |       |       |       |       |       |    80 ||    80
       Necromutation     |       |       |       |       |       |       |       |       |   101 ||   101
       Animate Dead      |       |       |       |       |       |       |       |       |    27 ||    27
       Glaciate          |       |       |       |       |       |       |       |       |     3 ||     3
Invok: Channel Energy    |       |       |       |     7 |    93 |    90 |    79 |    71 |  1382 ||  1722
       Forget Spell      |       |       |       |     1 |     5 |     3 |     2 |       |     4 ||    15
 Abil: End Transformatio |       |       |       |       |       |       |       |       |     1 ||     1
Evoke: Wand              |       |       |       |     2 |    17 |     8 |     7 |     2 |     5 ||    41
  Use: Scroll            |     2 |     5 |     6 |    22 |     7 |    13 |    14 |     9 |    23 ||   101
       Potion            |       |     3 |       |     2 |    13 |     6 |    10 |     3 |     4 ||    41
 Stab: Sleeping          |     1 |     1 |       |       |       |       |       |       |       ||     2
       Confused          |       |     1 |     4 |     8 |     1 |       |       |       |       ||    14
       Invisible         |       |       |       |     1 |    18 |       |       |       |       ||    19
       Distracted        |       |       |       |       |     1 |       |       |       |       ||     1
  Eat: Chunk             |     3 |     8 |    14 |    38 |    71 |    14 |    44 |    97 |    89 ||   378
       Fruit             |       |       |       |     3 |    19 |    11 |       |       |     2 ||    35
       Pizza             |       |       |       |     3 |     4 |       |     3 |       |     1 ||    11
       Beef jerky        |       |       |       |     1 |     5 |     3 |     1 |     1 |     4 ||    15
       Royal jelly       |       |       |       |       |       |    11 |       |       |       ||    11
       Meat ration       |       |       |       |       |       |     1 |       |       |     3 ||     4
       Bread ration      |       |       |       |       |       |     8 |     8 |     3 |     7 ||    26
